 Dungeon Crawl Stone Soup version 0.29.0-11-gd7f09526c8 (webtiles) character file.

Game seed: 3245739805906384825

9 SensoryNuts the Grave Robber (level 2, -1/19 HPs)
             Began as a Demonspawn Necromancer on Sept 3, 2022.
             Succumbed to a kobold's poison
             ... on level 1 of the Dungeon.
             The game lasted 00:00:38 (286 turns).

SensoryNuts the Grave Robber (DsNe)                  Turns: 286, Time: 00:00:38

Health: -1/19      AC: 10    Str:  8    XL:     2   Next: 3%
Magic:  0/5        EV:  0    Int: 16    God:
Gold:   0          SH:  0    Dex: 13    Spells: 4/5 levels left

rFire   . . .      SeeInvis .   a - +0 mace
rCold   . . .      Faith    .   (no shield)
rNeg    . . .      Spirit   .   c - +0 plate armour
rPois   .          Reflect  .   (no helmet)
rElec   .          Harm     .   (no cloak)
rCorr   .          Rampage  .   (no gloves)
Will    .....                   (no boots)
Stlth   ..........              (no amulet)
HPRegen 0.06/turn               (no ring)
MPRegen 0.09/turn               (no ring)

@: lethally poisoned (-1 -> -14), flying, very slightly contaminated, hasted,
very quick
A: weakness stinger 1
a: no special abilities


You were on level 1 of the Dungeon.
You visited 1 branch of the dungeon, and saw 1 of its levels.

Inventory:

Hand Weapons
 a - a +0 mace (weapon)
Armour
 c - a +0 plate armour (worn)
Potions
 b - a potion of magic


   Skills:
 + Level 1.8 Dodging
 + Level 1.8 Stealth
 + Level 2.0 Spellcasting
 + Level 4.8 Necromancy


You had 4 spell levels left.
You knew the following spells:

 Your Spells              Type           Power      Damage    Failure   Level
a - Necrotise             Necr           68%        1d7       100%        1

Your spell library contained the following spells:

 Spells                   Type           Power      Damage    Failure   Level
 Vampiric Draining        Necr           17%        2d7       100%        3
 Animate Dead             Necr           17%        N/A       100%        4
 Agony                    Necr           17%        N/A       100%        5


Dungeon Overview and Level Annotations

Branches:
Dungeon (1/15)

Altars:


Innate Abilities, Weirdness & Mutations

You have a small tail.


Message History

The ball python bites you but does no damage.
The ball python constricts you.
You barely miss the ball python. The ball python bites you.
The ball python constricts you.
You hit the ball python.
You kill the ball python!
No target in view!
No target in view!
You see here a ball python corpse.
e - a metallic pink potion A kobold comes into view.
It is wielding a +3 short sword of venom.
A kobold is nearby!
A kobold is nearby!
A kobold is nearby!
You miscast Necrotise.
You are very lightly contaminated with residual magic.
Nothing appears to happen.
You miscast Necrotise.
Nothing appears to happen.
You miscast Necrotise.
Nothing appears to happen.
The kobold hits you with a +3 short sword of venom.
You miscast Necrotise.
Nothing appears to happen.
The kobold hits you with a +3 short sword of venom.
You are poisoned.
You miscast Necrotise.
Nothing appears to happen.
You feel very sick.
The kobold hits you with a +3 short sword of venom!
* * * LOW HITPOINT WARNING * * *
You are more poisoned.
You are too injured to fight recklessly!
You are too injured to fight recklessly!
You are too injured to fight recklessly!
You are too injured to fight recklessly!
It was a potion of haste.
You feel yourself speed up.
* * * LOW HITPOINT WARNING * * *
You feel very sick. The kobold hits you but does no damage.
It was a potion of flight.
You feel very buoyant.
You fly up into the air.
You die...

.... .... .... #.....#
...... ......# ......
......# ######. ....
......# ........
..###......# ........
#####K......... ......#.
.#...#.@..!..# ≈≈≈≈≈...
.............+ ....≈...
.#.#.#.......#
.≈≈.≈.≈≈..#.#.#.††....#.#
.≈.>≈..≈..#.............#
.≈.≈≈..≈..###.###†#######
.≈.....≈..# #.#...##
≈≈.....≈..# #.#....#
.......≈..# #...####


You could see a kobold.

Vanquished Creatures
  2 endoplasms (D:1)
  2 giant cockroaches (D:1)
  A ball python (D:1)
  A frilled lizard (D:1)
  3 rats (D:1)
9 creatures vanquished.

Notes
Turn   | Place    | Note
-------+----------+-------------------------------------------
     0 | D:1      | SensoryNuts the Demonspawn Necromancer began the quest for
                  | the Orb.
     0 | D:1      | Reached XP level 1. HP: 13/13 MP: 3/3
   139 | D:1      | Discovered your monstrous ancestry.
   139 | D:1      | Gained mutation: You have a small tail. [demonic ancestry]
   139 | D:1      | Reached XP level 2. HP: 15/19 MP: 5/5
   286 | D:1      | Succumbed to a kobold's poison

Illustrated notes

Levels and vault maps discovered:
D:1:      ebering_trefoil_twist, layout_basic

Action                   || total
-------------------------++-------
Melee: Mace              ||    18
  Use: Potion            ||     2
Armor: Plate armour      ||    16
Dodge: Dodged            ||     1
